 Dungeon Crawl Stone Soup version 0.28-a0-1493-g08698888e4 (webtiles) character file.

Game seed: 9886668009044875955

214 parzival7114810 the Chopper (level 5, -8/47 HPs)
             Began as a Hill Orc Fighter on Jan 12, 2022.
             Mangled by a gnoll (10 damage)
             ... on level 3 of the Dungeon.
             The game lasted 00:12:50 (4786 turns).

parzival7114810 the Chopper (Hill Orc Fighter)      Turns: 4786, Time: 00:12:51

Health: -8/47      AC:  7    Str: 21    XL:     5   Next: 92%
Magic:  5/5        EV:  9    Int:  8    God:
Gold:   54         SH:  4    Dex: 10    Spells: 4/4 levels left

rFire   + . .      SeeInvis .   a - +0 war axe
rCold   . . .      Faith    .   c - +0 buckler
rNeg    . . .      Spirit   .   b - +0 scale mail
rPois   .          Reflect  .   (no helmet)
rElec   .          Harm     .   (no cloak)
rCorr   .          Rampage  .   (no gloves)
Will    .....                   (no boots)
Stlth   ..........              (no amulet)
HPRegen 0.15/turn               f - ring of protection from fire
MPRegen 0.09/turn               (no ring)

@: mighty
A: no striking features
a: no special abilities


You were on level 3 of the Dungeon.
You visited 1 branch of the dungeon, and saw 3 of its levels.

You collected 54 gold pieces.

Inventory:

Hand Weapons
 a - a +0 war axe (weapon)
Armour
 b - a +0 scale mail (worn)
 c - a +0 buckler (worn)
 j - a +0 pair of gloves
Jewellery
 f - a ring of protection from fire (left hand)
Wands
 g - a wand of polymorph (9)
Scrolls
 l - a scroll of amnesia
 n - a scroll of vulnerability {unknown}
Potions
 e - 2 potions of magic
 h - a potion of heal wounds
 i - a potion of attraction
 k - a potion of degeneration {unknown}
 m - a potion of brilliance {unknown}


   Skills:
 + Level 4.4 Fighting
 + Level 4.9 Axes
 + Level 4.8 Armour
 + Level 1.0 Dodging
 + Level 0.2 Stealth
 + Level 3.8 Shields


You had 4 spell levels left.
You didn't know any spells.
Your spell library contained the following spells:

 Spells                   Type           Power      Damage    Failure   Level
 Dazzling Flash           Conj/Hex       0%         N/A       99%         3
 Iskenderun's Mystic Bla  Conj/Tloc      0%         2d3       100%        4
 Starburst                Conj/Fire      0%         6d3       100%        6


Dungeon Overview and Level Annotations

Branches:
Dungeon (3/15)

Altars:
Makhleb


Message History

The gnoll is moderately wounded.
You barely miss the gnoll. You closely miss the kobold.
The gnoll hits you with a +0 flail.
The gnoll hits you from afar with a +0 spear.
The kobold hits you but does no damage. The gnoll hits you with a +0 flail.
The gnoll barely misses you. The gnoll completely misses you.
You block the kobold's attack. The gnoll completely misses you.
You closely miss the gnoll. You barely miss the gnoll.
You closely miss the gnoll. You barely miss the kobold.
The gnoll hits you with a +0 spear. The gnoll hits you with a +0 whip.
* * * LOW HITPOINT WARNING * * *
The kobold hits you but does no damage. The gnoll barely misses you.
The gnoll hits you with a +0 spear.
* * * LOW HITPOINT WARNING * * *
You block the gnoll's attack. The gnoll hits you but does no damage.
The gnoll hits you with a +0 flail!
* * * LOW HITPOINT WARNING * * *
The gnoll hits you but does no damage.
The kobold throws a stone.
The stone barely misses you. The gnoll hits you with a +0 whip.
* * * LOW HITPOINT WARNING * * *
The gnoll hits you from afar with a +0 spear.
* * * LOW HITPOINT WARNING * * *
The gnoll closely misses you. You block the gnoll's attack.
The gnoll closely misses you. The kobold hits you but does no damage.
The gnoll hits you from afar with a +0 spear.
* * * LOW HITPOINT WARNING * * *
The kobold throws a stone.
You block the stone. The gnoll closely misses you.
The kobold throws a stone.
The stone barely misses you.
You open the door.
The gnoll hits you from afar with a +0 spear.
* * * LOW HITPOINT WARNING * * *
Found an escape hatch in the ceiling.
The gnoll closely misses you.
The kobold throws a stone.
You block the stone.
There is an open door here.
The gnoll hits you with a +0 flail!
You die...

#. # #.# # #.# # #.# #
#.###########
#.##.........
###.##.........
##########g.....$.......
......<@gK..............
.#########g.....########
#......# ..... ########
..... ..... ..... #####


You could see 3 gnolls and a kobold.

Vanquished Creatures
  Jessica (D:2)
  Natasha (thrice) (D:2)
  Terence (D:2)
  4 adders
  A worm (D:3)
  2 dart slugs
  5 ball pythons
  2 endoplasms (D:2)
  6 giant cockroaches
  3 goblins
  4 hobgoblins
  2 jackals (D:2)
  2 kobolds
  3 quokkas
  5 bats
  3 frilled lizards
  A jackal skeleton (D:2)
  3 rats
51 creatures vanquished.

Vanquished Creatures (others)
  5 plants (D:1)
  9 withered plants (D:1)
14 creatures vanquished.

Grand Total: 65 creatures vanquished

Notes
Turn   | Place    | Note
-------+----------+-------------------------------------------
     0 | D:1      | parzival7114810 the Hill Orc Fighter began the quest for
                  | the Orb.
     0 | D:1      | Reached XP level 1. HP: 19/19 MP: 1/1
   264 | D:1      | Found a faded altar of an unknown god.
   321 | D:1      | Reached XP level 2. HP: 27/27 MP: 2/2
  1957 | D:2      | Noticed Jessica
  1964 | D:2      | Reached XP level 3. HP: 19/33 MP: 3/3
  1966 | D:2      | Killed Jessica
  2601 | D:2      | Noticed Natasha
  2606 | D:2      | Killed Natasha
  2607 | D:2      | Reached XP level 4. HP: 33/40 MP: 4/4
  2710 | D:2      | Noticed Natasha
  2726 | D:2      | Killed Natasha
  2736 | D:2      | Noticed Natasha
  2750 | D:2      | Killed Natasha
  2751 | D:2      | Reached XP level 5. HP: 28/46 MP: 5/5
  2998 | D:2      | Found a burning altar of Makhleb.
  3046 | D:2      | Noticed Terence
  3055 | D:2      | Killed Terence
  4354 | D:3      | Reached skill level 1 in Dodging
  4783 | D:3      | HP: 2/47 [gnoll (2)]
  4786 | D:3      | Mangled by a gnoll

Illustrated notes

Levels and vault maps discovered:
D:1:      erik_arrival_cave_to_civilisation [erik_arrival_cave_to_hall],
          layout_basic, shapermc_ecumenical_altar_flowoftime
D:2:      layout_rooms, basic_altar, st_stairs_5, minmay_misc_feat_enclosed,
          uniq_jessica, uniq_terence, uniq_natasha
D:3:      layout_basic, lemuel_tele_altar

Skill      XL: |  1  2  3  4  5 |
---------------+----------------+-----
Axes           | 3 4 |  4.9
Fighting       | 4 |  4.4
Armour         | 4 |  4.8
Dodging        | 1 |  1.0
Stealth        | |  0.2
Shields        | |  3.8

Action                   |  1- 3 |  4- 6 || total
-------------------------+-------+-------++-------
Melee: War axe           |   102 |    93 ||   195
  Use: Scroll            |     3 |     5 ||     8
       Potion            |       |     1 ||     1
Armor: Scale mail        |    66 |    42 ||   108
Dodge: Dodged            |    47 |    70 ||   117
Block: Buckler           |    14 |    35 ||    49

Table legend: (Time is in decaauts)
 A = Elapsed time spent in this place.
 B = Non-inter-level travel time spent in this place.
 C = Inter-level travel time spent in this place.
 D = Time resting spent in this place.
 E = Time spent auto-exploring this place.
 F = Levels seen in this place.
 G = Mean time per level.
                   A        B        C        D        E       F      G
               +--------+--------+--------+--------+--------+-----+--------+
         Total |   4854 |   4815 |     39 |   2500 |   1400 |   3 | 1618.0 |
       Dungeon |   4854 |   4815 |     39 |   2500 |   1400 |   3 | 1618.0 |
               +--------+--------+--------+--------+--------+-----+--------+

Top non-repeatable levels by time:
     D:2: 2590 daAuts
     D:1: 1451 daAuts
     D:3: 812 daAuts
